 Dungeon Crawl Stone Soup version 0.29-a0-717-g6dac4ea423 (webtiles) character file.

Game seed: 10588714350996896455

18 Sabo the Trooper (level 2, 27/27 HPs)
             Began as a Hill Orc Fighter on June 26, 2022.
             Was a Follower of Sif Muna.
             Got out of the dungeon alive.
             The game lasted 00:04:44 (935 turns).

Sabo the Trooper (Hill Orc Fighter)                  Turns: 935, Time: 00:04:44

Health: 27/27      AC:  6    Str: 18    XL:     2   Next: 70%
Magic:  2/2        EV:  9    Int:  8    God:    Sif Muna [*.....]
Gold:   94         SH:  4    Dex: 10    Spells: 1/1 levels left

rFire   . . .      SeeInvis .   a - +0 war axe
rCold   . . .      Faith    .   c - +0 buckler
rNeg    . . .      Spirit   .   b - +0 scale mail
rPois   .          Reflect  .   (no helmet)
rElec   .          Harm     .   (no cloak)
rCorr   .          Rampage  .   (no gloves)
Will    .....                   (no boots)
Stlth   ..........              (no amulet)
HPRegen 0.09/turn               (no ring)
MPRegen 0.08/turn               (no ring)

@: no status effects
A: no striking features
a: Renounce Religion, Channel Magic


You escaped.
You worshipped Sif Muna.
Sif Muna was aware of your devotion.
You visited 1 branch of the dungeon, and saw 1 of its levels.

You collected 94 gold pieces.

Inventory:

Hand Weapons
 a - a +0 war axe (weapon)
Armour
 b - a +0 scale mail (worn)
 c - a +0 buckler (worn)
Scrolls
 e - a scroll of amnesia {unknown}
 i - a scroll of torment {unknown}
 j - a scroll of vulnerability {unknown}
Potions
 d - a potion of might
 f - a potion of cancellation {unknown}
 g - a potion of magic {unknown}
 h - a potion of flight {unknown}


   Skills:
 + Level 3.9 Fighting
 + Level 3.1 Axes
 + Level 3.6 Armour
 + Level 3.5 Shields


You had one spell level left.
You didn't know any spells.
Your spell library was empty.

Dungeon Overview and Level Annotations

Branches:
Dungeon (1/15)

Altars:
Sif Muna

Shops:
D:1 [


Message History

You block the dart slug's attack.
You hit the dart slug.
You kill the dart slug!
Your Axes skill increases to level 3!
You now have 74 gold pieces (gained 7).
A kobold comes into view. It is wielding a +0 short sword.
Found Surphole's Antique Armour Boutique.
The kobold shouts!
You miss the kobold. The kobold hits you but does no damage.
You hit the kobold.
You kill the kobold!
Things that are here:
a +0 short sword; a kobold corpse
There is an entrance to Surphole's Antique Armour Boutique here.
You now have 83 gold pieces (gained 9).
There is an open door here.
You open the door.
There is an open door here.
Found a human skeleton.
Found two human skeletons and 11 gold pieces.
Found a human skeleton.
Found a faded altar of an unknown god.
You now have 94 gold pieces (gained 11).
There is a faded altar of an unknown god here.
You cannot tell which god this altar belongs to.
Convert to them anyway?
Sif Muna accepts your prayer! Sif Muna welcomes you!
You can now call upon Sif Muna for magical energy.
You see here a human skeleton.
There is an open door here.
There is an open door here.
There is an open door here.
There is an open door here.
There is a stone staircase leading down here.
There is an open door here.
The imperial myrmidon shouts!
The hell rat roars deafeningly!
The centaur shouts!
You hear an angry hiss.
The iguana hisses angrily.
There is a staircase leading out of the dungeon here.
Are you sure you want to leave the Dungeon?
This will make you lose the game!
You have escaped!

#.........# #8........#
##..###..#.#
#...#l#..#.#
###8..#a#..#.#
##.....#w#..#.# ##
#..#8..#r#..#.# .#
#.##...#c#..#.# .#
#.###..###..#@# ###
.###.###8......######.##
......##.......# #...#.#
.###.####.8.8.## ####.##
..##.# #.....# #.#
..##.########## #.#
#.##........# #.#
.####.#.##.# #.# .#
#......# #.#


There were no monsters in sight!

Vanquished Creatures
  2 dart slugs (D:1)
  2 endoplasms (D:1)
  2 giant cockroaches (D:1)
  2 goblins (D:1)
  3 bats (D:1)
  A kobold (D:1)
  2 rats (D:1)
14 creatures vanquished.

Notes
Turn   | Place    | Note
-------+----------+-------------------------------------------
     0 | D:1      | Sabo the Hill Orc Fighter began the quest for the Orb.
     0 | D:1      | Reached XP level 1. HP: 19/19 MP: 1/1
     6 | D:1      | Noticed an iguana
     6 | D:1      | Noticed an imperial myrmidon
     7 | D:1      | Noticed a hell rat
     7 | D:1      | Noticed a centaur
   163 | D:1      | Reached XP level 2. HP: 27/27 MP: 2/2
   608 | D:1      | Found Surphole's Antique Armour Boutique.
   758 | D:1      | Found a faded altar of an unknown god.
   779 | D:1      | Prayed at the altar of an unknown god.
   779 | D:1      | Became a worshipper of Sif Muna the Loreminder
   779 | D:1      | Reached * piety under Sif Muna
   935 | D:$      | Got out of the dungeon alive.

Illustrated notes

Levels and vault maps discovered:
D:1:      onia_arrival_zoo_common, layout_loops_corners, serial_shops,
          nicolae_lakefront_shop, shapermc_ecumenical_altar_pompeii, st_stairs_9

Skill      XL: |  1  2 |
---------------+-------+-----
Axes           | 3 |  3.1
Fighting       | |  3.9
Armour         | |  3.6
Shields        | |  3.5

Action                   || total
-------------------------++-------
Melee: War axe           ||    22
Armor: Scale mail        ||     9
Dodge: Dodged            ||     9
Block: Buckler           ||     7

Table legend: (Time is in decaauts)
 A = Elapsed time spent in this place.
 B = Non-inter-level travel time spent in this place.
 C = Inter-level travel time spent in this place.
 D = Time resting spent in this place.
 E = Time spent auto-exploring this place.
 F = Levels seen in this place.
 G = Mean time per level.
                   A        B        C        D        E       F      G
               +--------+--------+--------+--------+--------+-----+--------+
         Total |    942 |    942 |      0 |      0 |      0 |   1 |  942.0 |
       Dungeon |    942 |    942 |      0 |      0 |      0 |   1 |  942.0 |
               +--------+--------+--------+--------+--------+-----+--------+

Top non-repeatable levels by time:
     D:1: 942 daAuts
